SKY
CHICAGO WHITE SOX @ PORTLAND HOPS
06/01/2052
 
TOP OF THE 1ST
Chicago White Sox batting - Pitching for Portland Hops : RHP Lucas Mills
Pitching: RHP Lucas Mills
Batting: SHB Nicodemo Alcorta 0-0: Called Strike
0-1: Ball
1-1: Ground out 6-3 (Groundball, 6, EV 90.6 MPH)
Batting: LHB Noah DuBois 0-0: Swinging Strike
0-1: Ball
1-1: SINGLE (Line Drive, 4MD, EV 103.8 MPH)
Batting: SHB Cristopher Betancourt 0-0: Ball
1-0: Fly out, F7 (Flyball, 7D, EV 108.1 MPH)
Batting: RHB Shaun Ferguson 0-0: Ball
1-0: Called Strike
1-1: Ball
2-1: Foul Ball, location: 2F
2-2: Ball
3-2: Fly out, F7 (Flyball, 78D, EV 102.5 MPH)
Top of the 1st over - 0 runs, 1 hit, 0 errors, 1 left on base; Chicago 0 - Portland 0
BOTTOM OF THE 1ST
Portland Hops batting - Pitching for Chicago White Sox : LHP Chris Baranov
Pitching: LHP Chris Baranov
Batting: RHB Mason Stapleton 0-0: Fly out, F8 (Line Drive, 8LM, EV 96.9 MPH)
Batting: LHB Tyler Schember 0-0: Called Strike
0-1: Called Strike
0-2: Ball
1-2: Fly out, F9 (Flyball, 9D, EV 97.5 MPH)
Batting: LHB Lobo Peña 0-0: Foul Ball, location: 7LMF
0-1: Swinging Strike
0-2: Ball
1-2: Strikes out swinging
Bottom of the 1st over - 0 runs, 0 hits, 0 errors, 0 left on base; Chicago 0 - Portland 0
TOP OF THE 2ND
Chicago White Sox batting - Pitching for Portland Hops : RHP Lucas Mills
Batting: SHB Logan McKinnie 0-0: Ball
1-0: SINGLE (Line Drive, 78M, EV 93.1 MPH)
Batting: RHB Marshall Freeman 0-0: Called Strike
0-1: Ball
1-1: Foul Ball, location: 2F
1-2: SINGLE (Groundball, 34D, EV 102.5 MPH)
Logan McKinnie to second
Runner from 2nd tries for 3rd, SAFE, throw by RF made to third
Batting: SHB Eric Hughes 0-0: Ball
1-0: Foul Ball, location: 7LSF
1-1: Fielders Choice at 2nd, 2-6 (Groundball, 13S, EV 73.1 MPH)
Batting: RHB Jaxon DeMeuse 0-0: Ball
1-0: Ball
2-0: Ball
3-0: Called Strike
3-1: SINGLE (Groundball, 56D, EV 108.1 MPH)
Logan McKinnie scores
Eric Hughes to second
Batting: LHB Rhett Bramwell 0-0: Called Strike
0-1: Ball
1-1: Foul Ball, location: 2F
1-2: Ball
2-2: Foul Ball, location: 2F
2-2: Ball
3-2: Fly out, F9 (Flyball, 9, EV 81.9 MPH)
Batting: SHB Nicodemo Alcorta 0-0: Ball
1-0: Foul Ball, location: 2F
1-1: Fly out, F8 (Flyball, 8LS, EV 86.9 MPH)
Top of the 2nd over - 1 run, 3 hits, 0 errors, 2 left on base; Chicago 1 - Portland 0
BOTTOM OF THE 2ND
Portland Hops batting - Pitching for Chicago White Sox : LHP Chris Baranov
Batting: RHB Oliver Melendez 0-0: Fly out, F3 (Popup, 3, EV 63.1 MPH)
Batting: LHB Hiroshi Takase 0-0: Called Strike
0-1: Ball
1-1: SINGLE (Line Drive, 4D, EV 99.4 MPH)
Batting: RHB Ben Schubert 0-0: Ball
1-0: Ground out 4-3 (Groundball, 4MD, EV 108.8 MPH)
Hiroshi Takase to second
Batting: LHB Roy Popko 0-0: Ball
1-0: Ball
2-0: SINGLE (Groundball, 6MD, EV 95.6 MPH)
Hiroshi Takase to third
Runner from 3rd tries for Home, SAFE, throw by CF to home
Roy Popko to second
Batting: RHB Pete Koo 0-0: Called Strike
0-1: Ball
1-1: Ball
2-1: Ball
3-1: Base on Balls
Batting: RHB Dean Cunningham 0-0: Foul Ball, location: 5F
0-1: Fielders Choice at 2nd, 6-4 (Groundball, 6, EV 98.8 MPH)
Bottom of the 2nd over - 1 run, 2 hits, 0 errors, 2 left on base; Chicago 1 - Portland 1
TOP OF THE 3RD
Chicago White Sox batting - Pitching for Portland Hops : RHP Lucas Mills
Batting: LHB Noah DuBois 0-0: Ball
1-0: Foul Ball, location: 7LDF
1-1: Ball
2-1: Foul Ball, location: 2F
2-2: Ball
3-2: Strikes out swinging
Batting: SHB Cristopher Betancourt 0-0: Swinging Strike
0-1: Foul Ball, location: 3FF
0-2: Ball
1-2: SOLO HOME RUN (Flyball, 9D, EV 93.8 MPH), Distance : 371 ft
Batting: RHB Shaun Ferguson 0-0: Ball
1-0: SINGLE (Flyball, 4D, EV 87.5 MPH)
Batting: SHB Logan McKinnie 0-0: Ball
1-0: Ball
2-0: Ball
3-0: Called Strike
3-1: Foul Ball, location: 2F
3-2: Base on Balls
Shaun Ferguson to second
Batting: RHB Marshall Freeman 0-0: Called Strike
0-1: SINGLE (Groundball, 5D, EV 100.0 MPH)
Shaun Ferguson to third
Logan McKinnie to second
Runner from 3rd tries for Home, SAFE, throw by LF to home
Batting: SHB Eric Hughes 0-0: SINGLE (Line Drive, 5D, EV 94.4 MPH)
Logan McKinnie to third
Marshall Freeman to second
Batting: RHB Jaxon DeMeuse 0-0: Ball
1-0: Ball
2-0: Ball
3-0: Fly out, F9 (Flyball, 89S, EV 86.9 MPH)
Batting: LHB Rhett Bramwell 0-0: DOUBLE (Line Drive, 7LS, EV 106.3 MPH)
Logan McKinnie scores
Marshall Freeman scores
Eric Hughes to third
Pitching: RHP Ugo Graham
Batting: SHB Nicodemo Alcorta 0-0: Ball
1-0: Foul Ball, location: 2F
1-1: Foul Ball, location: 23F
1-2: Strikes out looking
Top of the 3rd over - 4 runs, 5 hits, 0 errors, 2 left on base; Chicago 5 - Portland 1
BOTTOM OF THE 3RD
Portland Hops batting - Pitching for Chicago White Sox : LHP Chris Baranov
Batting: RHB Mason Stapleton 0-0: Ball
1-0: SINGLE (Groundball, 56D, EV 103.1 MPH)
Batting: LHB Tyler Schember 0-0: Ball
1-0: Ball
2-0: Foul Ball, location: 7LSF
2-1: SINGLE (Line Drive, 6D, EV 105.0 MPH)
Mason Stapleton to second
Runner from 2nd tries for 3rd, SAFE, no throw by CF
Batting: LHB Lobo Peña 0-0: Foul Ball, location: 7LDF
0-1: Called Strike
0-2: Strikes out swinging
Batting: RHB Oliver Melendez 0-0: Ball
1-0: Called Strike
1-1: Fly out, F7 (Flyball, 78S, EV 86.9 MPH)
Batting: LHB Hiroshi Takase 0-0: Called Strike
0-1: Swinging Strike
0-2: Foul Ball, location: 2F
0-2: Ball
1-2: Foul Ball, location: 2F
1-2: Ball
2-2: Fly out, F8 (Flyball, 8RXD, EV 95.0 MPH)
Bottom of the 3rd over - 0 runs, 2 hits, 0 errors, 2 left on base; Chicago 5 - Portland 1
TOP OF THE 4TH
Chicago White Sox batting - Pitching for Portland Hops : RHP Ugo Graham
Batting: LHB Noah DuBois 0-0: Called Strike
0-1: SINGLE (Groundball, 4MS, EV 73.1 MPH) (infield hit)
Batting: SHB Cristopher Betancourt 0-0: 2-RUN HOME RUN (Flyball, 9D, EV 96.9 MPH), Distance : 371 ft
Batting: RHB Shaun Ferguson 0-0: Foul Ball, location: 9LMF
0-1: Swinging Strike
0-2: Ball
1-2: Fly out, F3 (Popup, 3SF, EV 84.4 MPH)
Batting: SHB Logan McKinnie 0-0: Ball
1-0: Ground out U3 (Groundball, 3, EV 85.6 MPH)
Batting: RHB Marshall Freeman 0-0: Ball
1-0: Foul Ball, location: 3F
1-1: Foul Ball, location: 2RF
1-2: Foul Ball, location: 5FF
1-2: Ball
2-2: Fly out, F8 (Flyball, 8LM, EV 103.8 MPH)
Top of the 4th over - 2 runs, 2 hits, 0 errors, 0 left on base; Chicago 7 - Portland 1
BOTTOM OF THE 4TH
Portland Hops batting - Pitching for Chicago White Sox : LHP Chris Baranov
Batting: RHB Ben Schubert 0-0: Called Strike
0-1: Ball
1-1: Ball
2-1: Foul Ball, location: 9LSF
2-2: Strikes out swinging
Batting: LHB Roy Popko 0-0: Ball
1-0: Foul Ball, location: 2F
1-1: Ball
2-1: SINGLE (Line Drive, 4D, EV 98.8 MPH)
Batting: RHB Pete Koo 0-0: Ball
1-0: Fielders Choice at 2nd, 6-4 (Groundball, 6, EV 86.3 MPH)
Batting: RHB Dean Cunningham 0-0: Ball
1-0: Ball
2-0: Swinging Strike
2-1: Fielders Choice at 2nd, 6-4 (Groundball, 6, EV 81.9 MPH)
Bottom of the 4th over - 0 runs, 1 hit, 0 errors, 1 left on base; Chicago 7 - Portland 1
TOP OF THE 5TH
Chicago White Sox batting - Pitching for Portland Hops : RHP Ugo Graham
Batting: SHB Eric Hughes 0-0: Foul Ball, location: 23FF
0-1: Foul Ball, location: 3F
0-2: Foul Ball, location: 2F
0-2: Foul Ball, location: 7LSF
0-2: Foul Ball, location: 23FF
0-2: Ball
1-2: Ball
2-2: Ball
3-2: DOUBLE (Line Drive, 3D, EV 104.4 MPH)
Pitching: LHP John Burns
Batting: RHB Jaxon DeMeuse 0-0: Called Strike
0-1: Ball
1-1: Fly out, F4 (Popup, 4, EV 76.3 MPH)
Batting: LHB Rhett Bramwell 0-0: Ground out 4-3 (Groundball, 4, EV 101.9 MPH)
Eric Hughes to third
Batting: SHB Nicodemo Alcorta 0-0: Foul Ball, location: 2F
0-1: Ball
1-1: Foul Ball, location: 2RF
1-2: Ball
2-2: SINGLE (Groundball, 34D, EV 102.5 MPH)
Eric Hughes scores
Batting: LHB Noah DuBois 0-0: Ball
1-0: Called Strike
1-1: Foul Ball, location: 7LSF
1-2: Fly out, F4 (Flyball, 34D, EV 90.6 MPH)
Top of the 5th over - 1 run, 2 hits, 0 errors, 1 left on base; Chicago 8 - Portland 1
BOTTOM OF THE 5TH
Portland Hops batting - Pitching for Chicago White Sox : LHP Chris Baranov
Batting: RHB Mason Stapleton 0-0: Fly out, F9 (Line Drive, 9S, EV 110.0 MPH)
Batting: LHB Tyler Schember 0-0: Ball
1-0: Fly out, F8 (Flyball, 8LM, EV 86.3 MPH)
Batting: LHB Lobo Peña 0-0: Ball
1-0: SOLO HOME RUN (Flyball, 9D, EV 101.9 MPH), Distance : 404 ft
Batting: RHB Oliver Melendez 0-0: Ball
1-0: Ball
2-0: Foul Ball, location: 5DF
2-1: Foul Ball, location: 2F
2-2: DOUBLE (Flyball, 8RD, EV 100.0 MPH)
Batting: LHB Hiroshi Takase 0-0: Ball
1-0: Foul Ball, location: 2F
1-1: Ground out 4-3 (Groundball, 4, EV 105.0 MPH)
Bottom of the 5th over - 1 run, 2 hits, 0 errors, 1 left on base; Chicago 8 - Portland 2
TOP OF THE 6TH
Chicago White Sox batting - Pitching for Portland Hops : LHP John Burns
Batting: SHB Cristopher Betancourt 0-0: Foul Ball, location: 5FF
0-1: Ball
1-1: Ball
2-1: SINGLE (Line Drive, 9LS, EV 105.0 MPH)
Batting: RHB Shaun Ferguson 0-0: Ball
1-0: Foul Ball, location: 3F
1-1: Foul Ball, location: 2F
1-2: Strikes out swinging
Batting: SHB Logan McKinnie 0-0: Called Strike
0-1: Foul Ball, location: 7LSF
0-2: Ball
1-2: Foul Ball, location: 9LDF
1-2: Ball
2-2: Ball
3-2: Base on Balls
Cristopher Betancourt to second
Batting: RHB Marshall Freeman 0-0: Fly out, F7 (Flyball, 78S, EV 79.4 MPH)
Batting: SHB Eric Hughes 0-0: Called Strike
0-1: Called Strike
0-2: Foul Ball, location: 2F
0-2: Ball
1-2: Strikes out swinging
Top of the 6th over - 0 runs, 1 hit, 0 errors, 2 left on base; Chicago 8 - Portland 2
BOTTOM OF THE 6TH
Portland Hops batting - Pitching for Chicago White Sox : LHP Chris Baranov
Batting: RHB Ben Schubert 0-0: Fly out, F9 (Flyball, 9LM, EV 81.9 MPH)
Batting: LHB Roy Popko 0-0: Foul Ball, location: 7LMF
0-1: Foul Ball, location: 7LDF
0-2: Ball
1-2: Foul Ball, location: 2F
1-2: Strikes out swinging
Batting: RHB Pete Koo 0-0: Ball
1-0: Foul Ball, location: 9LMF
1-1: Swinging Strike
1-2: Foul Ball, location: 2LF
1-2: Ball
2-2: Ground out 5-3 (Groundball, 5L, EV 106.3 MPH)
Bottom of the 6th over - 0 runs, 0 hits, 0 errors, 0 left on base; Chicago 8 - Portland 2
TOP OF THE 7TH
Chicago White Sox batting - Pitching for Portland Hops : LHP John Burns
Pitching: LHP Andrew Dunbar
Batting: RHB Jaxon DeMeuse 0-0: Called Strike
0-1: Fly out, F8 (Flyball, 8LD, EV 103.8 MPH)
Batting: LHB Rhett Bramwell 0-0: Foul Ball, location: 23F
0-1: Ball
1-1: Ball
2-1: Called Strike
2-2: Strikes out looking
Batting: SHB Nicodemo Alcorta 0-0: Called Strike
0-1: Ground out 6-3 (Groundball, 6, EV 103.8 MPH)
Top of the 7th over - 0 runs, 0 hits, 0 errors, 0 left on base; Chicago 8 - Portland 2
BOTTOM OF THE 7TH
Portland Hops batting - Pitching for Chicago White Sox : LHP Chris Baranov
Batting: RHB Dean Cunningham 0-0: Ball
1-0: Called Strike
1-1: Ball
2-1: Ground out 4-3 (Groundball, 4, EV 99.4 MPH)
Pitching: LHP Carson Druckemiller
Batting: RHB Mason Stapleton 0-0: Called Strike
0-1: Ground out 6-3 (Groundball, 6, EV 84.4 MPH)
Batting: LHB Tyler Schember 0-0: Fly out, F6 (Popup, 4MS, EV 86.3 MPH)
Bottom of the 7th over - 0 runs, 0 hits, 0 errors, 0 left on base; Chicago 8 - Portland 2
TOP OF THE 8TH
Chicago White Sox batting - Pitching for Portland Hops : LHP Andrew Dunbar
Batting: LHB Noah DuBois 0-0: Ball
1-0: Called Strike
1-1: Fly out, F8 (Flyball, 8RXD, EV 88.8 MPH)
Batting: SHB Cristopher Betancourt 0-0: Foul Ball, location: 2F
0-1: Ball
1-1: Called Strike
1-2: Strikes out swinging
Batting: RHB Shaun Ferguson 0-0: Ball
1-0: Ball
2-0: Ball
3-0: Base on Balls
Batting: SHB Logan McKinnie 0-0: Ball
1-0: Called Strike
1-1: Foul Ball, location: 3F
1-2: Ground out 4-3 (Groundball, 34, EV 85.0 MPH)
Top of the 8th over - 0 runs, 0 hits, 0 errors, 1 left on base; Chicago 8 - Portland 2
BOTTOM OF THE 8TH
Portland Hops batting - Pitching for Chicago White Sox : LHP Carson Druckemiller
Batting: LHB Lobo Peña 0-0: Called Strike
0-1: Foul Ball, location: 25FF
0-2: Strikes out swinging
Batting: RHB Oliver Melendez 0-0: Fly out, F3 (Line Drive, 3L, EV 60.0 MPH)
Batting: LHB Hiroshi Takase 0-0: Ball
1-0: Called Strike
1-1: Foul Ball, location: 9LDF
1-2: Foul Ball, location: 5F
1-2: Strikes out swinging
Bottom of the 8th over - 0 runs, 0 hits, 0 errors, 0 left on base; Chicago 8 - Portland 2
TOP OF THE 9TH
Chicago White Sox batting - Pitching for Portland Hops : LHP Andrew Dunbar
Pitching: RHP Vic Mallery
Batting: RHB Marshall Freeman 0-0: Called Strike
0-1: Ball
1-1: Ball
2-1: Foul Ball, location: 3F
2-2: Ball
3-2: Ground out 6-3 (Groundball, 6, EV 87.5 MPH)
Batting: SHB Eric Hughes 0-0: Foul Ball, location: 5FF
0-1: Ball
1-1: Foul Ball, location: 5F
1-2: Fly out, F7 (Flyball, 78D, EV 87.5 MPH)
Batting: RHB Jaxon DeMeuse 0-0: Called Strike
0-1: Swinging Strike
0-2: Ball
1-2: Strikes out swinging
Top of the 9th over - 0 runs, 0 hits, 0 errors, 0 left on base; Chicago 8 - Portland 2
BOTTOM OF THE 9TH
Portland Hops batting - Pitching for Chicago White Sox : LHP Carson Druckemiller
Batting: RHB Ben Schubert 0-0: Ball
1-0: Ball
2-0: Ground out U3 (Groundball, 34, EV 81.3 MPH)
Batting: LHB Roy Popko 0-0: Ball
1-0: Ball
2-0: Ground out 6-3 (Groundball, 6D, EV 103.1 MPH)
Batting: RHB Pete Koo 0-0: Swinging Strike
0-1: Foul Ball, location: 5F
0-2: Fly out, F9 (Flyball, 9, EV 89.4 MPH)
Bottom of the 9th over - 0 runs, 0 hits, 0 errors, 0 left on base; Chicago 8 - Portland 2
Tuesday, April 23rd , 2024 - OOTP Baseball 24.11 Build 85